AoeStats
← yagokp

MegaRandom

506295286Analyzed
2v2 RM · 19d ago on Sep 13, 2026· 22m 23s· 4 players
Game mode
Random Map
Map size
Medium (4 player)
Population
200
Speed
Normal
Resources
Standard
Victory
Conquest
Starting age
Dark Age
Ending age
Imperial Age
RankedLock teamsTeams togetherTeam positionsShared explorationLock speedFull tech treeHidden civsTurbo modeCheats
Victory
Defeat
🇦🇷 Berbers · Argentina
620
+16
🇦🇷 Persians · Argentina
620
+16
🇧🇷 Khmer · Brazil
636
-31
🇧🇷 Chinese · Brazil
592
-15
yagokp
10:43 Feudal Age
11:47 Gold Mining
13:45 Wheelbarrow
13:36 Horse Collar
19:45 Castle Age
22:15 Gold Shaft Mining
Igorlinguica
12:39 Feudal Age
13:08 Horse Collar
13:28 Double-Bit Axe
16:12 Wheelbarrow
19:19 Castle Age
19:25 Gold Mining
Lautiiii23
8:47 Loom
10:57 Feudal Age
17:12 Double-Bit Axe
19:00 Bloodlines
19:37 Horse Collar
24:58 Castle Age
Danicool799
9:33 Loom
11:30 Feudal Age
11:58 Horse Collar
12:05 Double-Bit Axe
13:00 Wheelbarrow
13:06 Town Watch
18:25 Scale Barding Armor
18:32 Forging
20:48 Castle Age
19:10 Bloodlines
21:41 Bow Saw
21:34 Heavy Plow
21:40 Husbandry
Connection lost

Rejoining the realm…

Still unreachable

The connection could not be restored.

Session expired

The server has moved on; the page needs a fresh start.